 Dungeon Crawl Stone Soup version 0.27.1 (webtiles) character file.

Game seed: 12609353461200809989

50 comborobin the Ruffian (level 3, 0/28 HPs)
             Began as a Palentonga Warper on Aug 24, 2021.
             Slain by a centaur (2 damage)
             ... on level 2 of the Dungeon.
             The game lasted 00:01:58 (2704 turns).

comborobin the Ruffian (Palentonga Warper)          Turns: 2704, Time: 00:01:59

Health: 0/28       AC:  4    Str: 14    XL:     3   Next: 55%
Magic:  6/6        EV:  9    Int: 13    God:
Gold:   63         SH:  0    Dex: 10    Spells: 6/6 levels left

rFire    . . .     SeeInvis +     - Unarmed
rCold    . . .     Faith    .   (no shield)
rNeg     . . .     Spirit   .   a - +0 leather armour
rPois    .         Reflect  .   (no helmet)
rElec    .         Harm     .   (no cloak)
rCorr    .         Rampage  .   (no gloves)
Will     .....                  (no barding)
Stlth    +.........             (no amulet)
HPRegen  0.09/turn              (no ring)
MPRegen  0.10/turn              (no ring)

@: no status effects
A: large, rugged brown scales 3, see invisible, deformed body, roll 1, armoured
tail
a: Rolling Charge


You were on level 2 of the Dungeon.
You visited 1 branch of the dungeon, and saw 3 of its levels.

You collected 63 gold pieces.

Inventory:

Missiles
 c - 5 boomerangs of dispersal (quivered)
Armour
 a - a +0 leather armour (worn)
 h - a +0 kite shield
Scrolls
 b - a scroll of blinking
 d - 2 scrolls of amnesia {unknown}
 f - a scroll of fear {unknown}
 k - a scroll of fog {unknown}
Potions
 j - a potion of degeneration {unknown}
 l - a potion of lignification {unknown}


   Skills:
 - Level 2.0 Fighting
 - Level 0.6 Throwing
 - Level 0.7 Armour
 - Level 1.5 Dodging
 + Level 4.0 Unarmed Combat
 - Level 2.0 Spellcasting
 - Level 3.0 Translocations


You had 6 spell levels left.
You didn't know any spells.
Your spell library contained the following spells:

 Spells                   Type           Power      Damage    Failure   Level
 Blink                    Tloc           N/A        N/A       14%         2
 Gell's Gravitas          Tloc           4%         N/A       28%         3
 Lesser Beckoning         Tloc           4%         N/A       28%         3
 Teleport Other           Tloc           9%         N/A       28%         3
 Manifold Assault         Tloc           9%         N/A       95%         5


Dungeon Overview and Level Annotations

Branches:
Dungeon (3/15)

Altars:

Annotations:
D:3 Terence


Innate Abilities, Weirdness & Mutations

You are completely covered in rugged brown scales. (AC +3, +7% HP)
You have supernaturally acute eyesight. (SInv)
Armour fits poorly on your strangely shaped body.
You can roll at nearby foes to attack.
You have a long armoured tail.


Message History

The centaur is heavily wounded.
The centaur hits you.
The centaur kicks you but does no damage.
The centaur barely misses you. x2
You closely miss the centaur.
The centaur is heavily wounded.
The centaur hits you.
The centaur kicks you but does no damage.
You completely miss the centaur.
The centaur is heavily wounded.
The centaur hits you. The centaur kicks you. The centaur hits you.
The centaur barely misses you.
You barely miss the centaur.
The centaur is heavily wounded.
The centaur barely misses you.
The centaur kicks you but does no damage.
You hit the centaur.
The centaur is severely wounded.
The centaur barely misses you. The centaur kicks you.
You are too injured to fight recklessly!
You are too injured to fight recklessly!
You hit the centaur.
You tail-slap the centaur, but do no damage.
The centaur is severely wounded.
The centaur hits you. The centaur completely misses you.
The centaur closely misses you. The centaur barely misses you.
You hit the centaur.
The centaur is almost dead.
The centaur hits you.
* * * LOW HITPOINT WARNING * * *
The centaur kicks you but does no damage.
You closely miss the centaur.
The centaur is almost dead.
The centaur hits you.
* * * LOW HITPOINT WARNING * * *
The centaur kicks you but does no damage.
The centaur hits you.
* * * LOW HITPOINT WARNING * * *
The centaur kicks you.
You die...

##### #...#
##############.#.#
#@................
#c############....
#.# #######....
#.# #<)........
#.#############...
#.#...............
#.#.##########....
#.................
#.#.##########....


You could see a centaur.

Vanquished Creatures
  3 orcs
  3 ball pythons
  2 endoplasms
  4 giant cockroaches
  5 goblins
  4 hobgoblins
  3 jackals (D:2)
  4 kobolds
  A quokka (D:2)
  4 bats
  3 frilled lizards
  3 rats (D:2)
39 creatures vanquished.

Notes
Turn   | Place    | Note
-------+----------+-------------------------------------------
     0 | D:1      | comborobin the Palentonga Warper began the quest for the
                  | Orb.
     0 | D:1      | Reached XP level 1. HP: 17/17 MP: 3/3
    79 | D:1      | Reached XP level 2. HP: 6/23 MP: 5/5
   460 | D:1      | Reached skill level 3 in Unarmed Combat
   664 | D:1      | Found a faded altar of an unknown god.
  1260 | D:2      | Reached XP level 3. HP: 28/28 MP: 6/6
  2133 | D:1      | HP: 1/28 [orc (7)]
  2331 | D:1      | Reached skill level 4 in Unarmed Combat
  2693 | D:3      | Noticed Terence
  2693 | D:3      | Noticed a centaur
  2704 | D:2      | Slain by a centaur

Illustrated notes

Levels and vault maps discovered:
D:1:      amcnicky_arrival_single_pillar, layout_rooms,
          ebering_ecumenical_altar_petrified
D:2:      layout_basic
D:3:      layout_rooms, lexackson_kobold_supper, uniq_terence

Skill      XL: |  1  2  3 |
---------------+----------+-----
Unarmed Combat | 3 4 |  4.0
Fighting       | |  2.0
Throwing       | |  0.6
Armour         | |  0.7
Dodging        | |  1.5
Spellcasting   | |  2.0
Translocations | |  3.0

Action                   || total
-------------------------++-------
Melee: Unarmed           ||   164
       Tailslap          ||    14
       Punch             ||     2
  Use: Potion            ||     3
Armor: Leather armour    ||    40
Dodge: Dodged            ||    90
